 Dungeon Crawl Stone Soup version 0.18.1-48-g4cf74bf (webtiles) character file.

51 torvon the Firebug (level 3, -3/20 HPs)
             Began as a Gargoyle Fire Elementalist on Aug 12, 2016.
             Slain by an orc
             ... wielding a +0 war axe
              (4 damage)
             ... on level 3 of the Dungeon.
             The game lasted 00:08:07 (1545 turns).

torvon the Firebug (Gargoyle Fire Elementalist)     Turns: 1545, Time: 00:08:08

Health: -3/20      AC:  5    Str: 11    XL:     3   Next: 83%
Magic:  0/6        EV: 12    Int: 16    God:
Gold:   88         SH:  0    Dex: 10    Spells: 2 memorised, 2 levels left

rFire  . . .     SeeInvis .     r - +0 mace
rCold  . . .     Gourm    .     a - +0 robe
rNeg   + . .     Faith    .     (no shield)
rPois  ∞         Spirit   .     (no helmet)
rElec  +         Dismiss  .     (no cloak)
rCorr  .         Reflect  .     (no gloves)
SustAt .         Harm     .     (no boots)
MR     .....                    (no amulet)
Stlth  ++........               (no ring)
                                (no ring)

@: not resistant to hostile enchantments, unstealthy
A: negative energy resistance 1, electricity resistance, unbreathing,
petrification resistance, rot immunity, AC +3
a: no special abilities


You were on level 3 of the Dungeon.
You were not hungry.

You visited 1 branch of the dungeon, and saw 3 of its levels.

You collected 88 gold pieces.

Inventory:

Hand Weapons
 d - a +0 club
 l - a +0 short sword
 r - a +0 mace (weapon)
Missiles
 t - 14 poisoned needles
 u - 8 needles of sleeping
Armour
 a - a +0 robe (worn)
 h - a +0 buckler
 o - a +2 leather armour of fire resistance
 s - a +0 leather armour
 v - a +2 cloak
Jewellery
 e - an uncursed ring of sustain attributes {unknown}
Scrolls
 g - a scroll of fear {unknown}
 k - 2 scrolls of identify {unknown}
 m - a scroll of noise {unknown}
 n - a scroll of remove curse {unknown}
 p - a scroll of enchant weapon {unknown}
 q - 2 scrolls of blinking {unknown}
 w - a scroll of magic mapping {unknown}
 y - a scroll of teleportation {unknown}
Potions
 f - 4 potions of curing {unknown}
 i - a potion of heal wounds {unknown}
 x - a potion of cancellation {unknown}
 z - a potion of invisibility {unknown}
 A - a potion of magic {unknown}
Books
 b - a book of Flames

   Spells                             Type                      Level
   a - Flame Tongue                   Conjuration/Fire             1
   b - Throw Flame                    Conjuration/Fire             2
   c - Conjure Flame                  Conjuration/Fire             3
   d - Inner Flame                    Hexes/Fire                   3
   e - Sticky Flame                   Conjuration/Fire             4
   f - Fireball                       Conjuration/Fire             5
Comestibles
 c - 2 bread rations
 j - a meat ration


   Skills:
 - Level 1.5 Fighting
 - Level 1.5 Dodging
 - Level 2.1 Stealth
 - Level 2.2 Spellcasting
 + Level 2.1 Conjurations
 * Level 3.7 Fire Magic


You had 2 spell levels left.
You knew the following spells:

 Your Spells              Type           Power        Failure   Level  Hunger
a - Flame Tongue          Conj/Fire      ##...        10%         1    #......
b - Inner Flame           Hex/Fire       #.......     34%         3    ###....


Dungeon Overview and Level Annotations

Branches:
Dungeon (3/15)

Altars:


Innate Abilities, Weirdness & Mutations

You are resistant to torment.
Your stone body is resilient (AC +3).
You are immune to poison.
You resist negative energy.
You are resistant to electric shocks.
You can survive without breathing.
You are immune to petrification.
You are immune to rotting.


Message History

Casting: Flame Tongue
Confirm with . or Enter, or press ? or * to list all spells.
Aiming: Flame Tongue
Press: ? - help, Shift-Dir - straight line, f/p - orc
Aim: an orc, wielding a war axe and wearing a chain mail (heavily wounded)
The flame tongue hits the orc.
The orc appears unharmed.
The orc is heavily wounded.
The hobgoblin hits you with a club.
You hit the orc.
The orc is severely wounded.
The orc hits you but does no damage.
The hobgoblin hits you but does no damage.
The orc misses you.
You barely miss the orc.
The orc is severely wounded.
The hobgoblin hits you with a club. The orc hits you with a war axe!
Ouch! That really hurt!
* * * LOW HITPOINT WARNING * * *
The orc hits you with a war axe.
You die...

.......###
.........#
.......#.##########
....<.............#
.......##.........#
.....#####).......#
###### #........#
#.....og.#
#......@.# .
#........# ..
#...)....# ..
#.....[..#
##########


You could see an orc and a hobgoblin.

Vanquished Creatures
  2 adders (D:2)
  2 dart slugs
  2 giant geckos (D:2)
  An orc (D:3)
  A giant cockroach (D:2)
  7 hobgoblins
  A quokka (D:2)
  4 bats
  2 giant newts (D:1)
  3 kobolds
  2 rats
27 creatures vanquished.

Notes
Turn   | Place    | Note
--------------------------------------------------------------
     0 | D:1      | torvon the Gargoyle Fire Elementalist began the quest for the Orb.
     0 | D:1      | Reached XP level 1. HP: 10/10 MP: 3/3
   413 | D:1      | Reached skill level 1 in Fighting
   573 | D:1      | Reached XP level 2. HP: 15/16 MP: 0/5
  1076 | D:2      | Reached XP level 3. HP: 20/20 MP: 4/6
  1465 | D:3      | Learned a level 3 spell: Inner Flame
  1544 | D:3      | HP: 1/20 [orc/war axe (10)]
  1545 | D:3      | Slain by an orc

Skill      XL: |  1  2  3 |
---------------+----------+-----
Fighting       | 1 |  1.5
Conjurations   | 2 |  2.1
Dodging        | |  1.5
Stealth        | |  2.1
Spellcasting   | |  2.2
Fire Magic     | |  3.7

Action                   || total
-------------------------++-------
Melee: Club              ||    15
       Mace              ||    17
 Cast: Flame Tongue      ||    46
       Inner Flame       ||     1
 Stab: Sleeping          ||     1
  Eat: Bread ration      ||     1
Armor: Robe              ||    17
Dodge: Dodged            ||    56
